 Dungeon Crawl Stone Soup version 0.31-a0-339-gda1cbd555d (webtiles) character file.

Game seed: 11517602280484676557

28 lunkers the Insei (level 3, -4/28 HPs)
             Began as a Meteoran Shapeshifter on July 20, 2023.
             Slain by a worm (10 damage)
             ... on level 2 of the Dungeon.
             The game lasted 00:00:44 (446 turns).

lunkers the Insei (Meteoran Shapeshifter)            Turns: 446, Time: 00:00:44

Health: -4/28      AC:  2    Str: 16    XL:     3   Next: 50%
Magic:  4/4        EV: 12    Int: 10    God:
Gold:   32         SH:  0    Dex: 16    Spells: 2/2 levels left

rFire   . .          .
                       - Unarmed
rCold   . . .        (no shield)
rNeg    . . .        a - +0 animal skin
rPois   .            (helmet currently unavailable)
rElec   .            (cloak currently unavailable)
rCorr   .            (gloves currently unavailable)
SInv    .            (boots currently unavailable)
Will    .....        (no amulet)
Stlth   +            (no ring)
HPRegen 0.24/turn    (no ring)
MPRegen 0.09/turn

%: no passive effects
@: beast-form, glowing
A: beast (slay +2), sense surroundings 1, otherworldly, glowing, explore regen
a: Begin Untransformation


You were on level 2 of the Dungeon.
You were a hulking beast.
You visited 1 branch of the dungeon, and saw 2 of its levels.

You collected 32 gold pieces.

Inventory:

Armour
 a - a +0 animal skin (worn)
Jewellery
 f - an amulet of faith
Talismans
 c - a beast talisman
Scrolls
 g - a scroll of enchant weapon {unknown}
 h - 2 scrolls of fog {unknown}
 i - a scroll of identify {unknown}
 j - a scroll of vulnerability {unknown}
 k - a scroll of teleportation {unknown}
Potions
 b - a potion of lignification
 d - a potion of mutation {unknown}
 e - 2 potions of heal wounds {unknown}


   Skills:
 - Level 1.1 Fighting
 - Level 2.4 Dodging
 * Level 5.1 Unarmed Combat
 - Level 3.6 Shapeshifting


You had 2 spell levels left.
You didn't know any spells.
Your spell library was empty.

Dungeon Overview and Level Annotations

Branches:
Dungeon (2/15) Zot: 755

Altars:


Innate Abilities, Weirdness & Mutations

You are a hulking beast.
Your limbs bulge with bestial killing power. (Slay +2)
You passively map a small area around you.
You are easily found by Zot.
You glow in the dark.
You regain HP and MP as you explore.


Message History

You punch the adder!
The adder is severely wounded.
You feel sick. The adder closely misses you.
Unknown command.
You punch the adder!
You kill the adder!
You feel sick.
Your Unarmed Combat skill increases to level 5!
Unknown command.
You feel sick.
You now have 32 gold pieces (gained 2).
You feel sick.
You feel sick.
You feel sick.
You feel sick.
You see here a +0 sling.
You feel sick.
You feel sick.
You are no longer poisoned.
A worm comes into view.
A worm is nearby!
You are too injured to fight recklessly!
You are too injured to fight recklessly!
A worm is nearby!
You are too injured to fight recklessly!
You are too injured to fight recklessly!
You hit the worm.
The worm is lightly wounded.
The worm bites you!
* * * LOW HITPOINT WARNING * * *
You hit the worm.
The worm is lightly wounded.
You hit the worm.
The worm is moderately wounded.
The worm bites you but does no damage.
You hit the worm.
The worm is moderately wounded.
You hit the worm but do no damage.
The worm is moderately wounded.
The worm bites you!
You die...

*, , # * * * * *
# , # ### *,*
##########.## ,*
.)..........# ,
##########.## * *
* , # #.##
########## # #..#
#.hw...... ####
##.# #.########
...# #.# #.# ##.#
#.# #.# ##.# #.#
#.# ##.# #.# #.#
...# ##.###.#
##.# #..)...#
.#.#######..#####


You could see a worm.

Vanquished Creatures
  An adder (D:2)
  3 ball pythons (D:1)
  3 endoplasms (D:1)
  3 goblins
  2 quokkas (D:1)
  4 bats
  A kobold (D:1)
17 creatures vanquished.

Notes
Turn   | Place    | Note
-------+----------+-------------------------------------------
     0 | D:1      | lunkers the Meteoran Shapeshifter began the quest for the
                  | Orb.
     0 | D:1      | Reached XP level 1. HP: 16/16 MP: 2/2
   161 | D:1      | Reached skill level 4 in Unarmed Combat
   161 | D:1      | Reached XP level 2. HP: 21/23 MP: 3/3
   347 | D:1      | Reached XP level 3. HP: 27/28 MP: 4/4
   427 | D:2      | Reached skill level 5 in Unarmed Combat
   446 | D:2      | Slain by a worm

Illustrated notes

Levels and vault maps discovered:
D:1:      dpeg_arrival_water_fire, layout_basic
D:2:      minmay_angry_zag, layout_loops_ring, minmay_pentomino_w2,
          uniq_natasha, uniq_sigmund, uniq_robin

Skill      XL: |  1  2  3 |
---------------+----------+-----
Unarmed Combat | 4 5 |  5.1
Fighting       | |  1.1
Dodging        | |  2.4
Shapeshifting  | |  3.6

Action                     || total
---------------------------++-------
  Melee: Unarmed           ||    46
 Armour: Animal skin       ||    10
  Dodge: Dodged            ||    15

Table legend: (Time is in decaauts)
 A = Elapsed time spent in this place.
 B = Non-inter-level travel time spent in this place.
 C = Inter-level travel time spent in this place.
 D = Time resting spent in this place.
 E = Time spent auto-exploring this place.
 F = Levels seen in this place.
 G = Mean time per level.
                   A        B        C        D        E       F      G
               +--------+--------+--------+--------+--------+-----+--------+
         Total |    443 |    443 |      0 |      0 |    329 |   2 |  221.5 |
       Dungeon |    443 |    443 |      0 |      0 |    329 |   2 |  221.5 |
               +--------+--------+--------+--------+--------+-----+--------+

Top non-repeatable levels by time:
     D:1: 349 daAuts
     D:2: 94 daAuts
